Map: Prion Terraces

Players

feisto - Winner!

  • Race: Zerg Zerg
  • League: Diamond

LilDicky

  • Race: Terran Terran
  • League: Diamond

VOD

http://www.twitch.tv/tumescentpie

Description

Time

  • Played on: Nov. 26, 2015, 4:27 p.m.
  • Length: 7:31
Show
View Real Time Build Order
Export as new Build Order

feisto Zerg - Winner!

Build Orders: Hatch First 

Get SALT Encoding   

  12  0:02  Drone  
  13  0:08  Drone  
  14  0:17  Overlord  
  14  0:23  Drone, Extractor  
  15  0:35  Drone x2  
  17  0:45  Drone  
  18  1:00  Drone  
  19  1:05  Hatchery  
  18  1:12  Spawning Pool  
  18  1:14  Drone  
  18  1:19  Drone  
  19  1:41  Drone  
  19  1:42  Hatchery  
  19  1:47  Drone  
  19  1:50  Overlord  
  20  1:54  Extractor  
  20  1:59  Queen  
  21  2:03  Drone  
  22  2:20  Drone x2  
  24  2:24  Queen  
  24  2:26  Drone  
  24  2:28  Drone  
  28  2:35  Queen  
  30  2:39  Drone  
  31  2:47  Spine Crawler  
  30  2:57  Roach Warren  
  29  2:58  Drone  
  29  2:59  Drone  
  29  3:03  Drone  
  29  3:04  Drone  
  33  3:15  Extractor  
  32  3:20  Metabolic Boost  
  32  3:22  Drone x2  
  32  3:27  Overlord x2  
  34  3:44  Queen  
  36  3:57  Roach x4  
  36  3:59  Zergling x6  
  36  4:00  Zergling x4  
  49  4:07  Lair  
  44  4:33  Drone x3  
  44  4:34  Drone x3  
  44  4:35  Overlord x2  
  50  5:01  Zergling x8  
  52  5:12  Zergling x4  
  52  5:13  Zergling x16  
  52  5:14  Zergling x2  
  61  5:15  Drone x2  
  63  5:22  Spire  
  43  6:11  Extractor  
  40  6:12  Extractor  
  37  6:26  Hatchery  
  36  6:33  Mutalisk  
  36  6:35  Mutalisk  
  36  6:36  Mutalisk x4  
  48  6:53  Mutalisk  
Show
View Real Time Build Order
Export as new Build Order

LilDicky Terran 

Build Orders: 1/1/1 

Get SALT Encoding   

  12  0:01  SCV  
  13  0:13  SCV  
  14  0:18  Supply Depot  
  14  0:25  SCV  
  14  0:28  Refinery  
  15  0:40  SCV  
  16  0:45  Barracks  
  16  0:52  SCV  
  17  1:04  SCV  
  18  1:16  SCV  
  19  1:28  SCV  
  19  1:32  Marine  
  21  1:34  Factory  
  21  1:38  Supply Depot  
  21  1:40  Orbital Command  
  21  1:43  Refinery  
  21  1:51  Marine  
  23  2:16  Marine  
  23  2:17  Factory Tech Lab  
  23  2:20  SCV  
  24  2:26  Starport  
  24  2:32  SCV  
  24  2:34  Marine  
  24  2:35  Supply Depot  
  26  2:43  Siege Tank  
  29  2:45  SCV  
  29  2:48  Supply Depot  
  30  2:52  Marine  
  31  2:59  SCV  
  31  3:03  Medivac  
  34  3:11  SCV  
  35  3:24  Siege Tank  
  35  3:25  Marine  
  39  3:38  Medivac  
  41  3:46  Marine  
  41  3:47  SCV  
  43  3:50  Supply Depot  
  43  4:04  Command Center, Marine  
  44  4:21  Marine  
  45  4:24  Liberator  
  41  4:36  Siege Tank  
  47  4:48  SCV  
  47  4:51  Supply Depot  
  48  5:00  SCV  
  49  5:12  Siege Tank  
  52  5:15  Marine  
  52  5:17  Liberator, Orbital Command  
  52  5:20  Barracks  
  52  5:23  Barracks x2  
  52  5:31  SCV  
  52  6:08  Marine  
  53  6:15  Barracks Tech Lab x2  
  53  6:16  Barracks Reactor, Supply Depot  
  53  6:26  Marine  
  53  6:29  Orbital Command  
  54  6:44  Marine  
  54  7:12  Marine x2  
Tags
 
Add a new tag
Caveats
  • Supply blocks, unpowered buildings, or Contaminate may cause inaccurate times.
  • Supply counts are checked every 10 seconds.